Map: Abyssal Reef LE

Players

Kuruko

  • Race: Terran Terran
  • League: Diamond
  • Spawn Location: 5:00

Musumeci - Winner!

  • Race: Zerg Zerg
  • League: Diamond
  • Spawn Location: 11:00

VOD

Have the link to the VOD?

Description

Time

  • Played on: Feb. 15, 2017, 5:27 a.m.
  • Length: 16:21
Show
View Real Time Build Order
Export as new Build Order

Kuruko Terran 

Build Orders: MMM Bio 

Get SALT Encoding   

  12  0:01  SCV  
  13  0:13  SCV  
  14  0:18  Supply Depot  
  14  0:25  SCV  
  15  0:38  Refinery  
  15  0:39  SCV  
  16  0:46  Barracks  
  16  0:51  SCV  
  17  1:04  SCV  
  18  1:16  SCV  
  19  1:28  SCV  
  20  1:33  Barracks Reactor  
  20  1:43  Command Center  
  20  1:53  Orbital Command  
  20  2:02  Supply Depot  
  20  2:11  Barracks  
  20  2:16  Marine  
  20  2:18  Marine  
  22  2:35  Marine  
  22  2:36  Marine  
  23  2:40  SCV  
  24  2:50  Factory  
  24  2:52  Marine  
  24  2:53  Marine  
  26  2:59  Barracks Tech Lab  
  26  3:04  Supply Depot  
  26  3:05  SCV  
  26  3:10  Refinery, Marine  
  28  3:18  SCV  
  29  3:22  Orbital Command  
  29  3:27  Stimpack  
  29  3:33  Marine x2  
  31  3:35  Marine  
  32  3:41  Starport  
  32  3:44  Factory Reactor  
  32  3:47  SCV  
  33  3:49  SCV  
  33  3:52  Marine  
  33  3:53  Marine  
  36  3:56  Marine  
  36  4:01  SCV  
  38  4:08  SCV  
  39  4:12  Marine x2  
  39  4:13  SCV  
  39  4:14  Marine  
  43  4:20  SCV  
  44  4:28  Medivac x2  
  48  4:32  Factory Reactor  
  48  4:34  SCV  
  48  4:35  SCV  
  50  4:39  Marine x2  
  50  4:40  Marine  
  53  4:46  SCV  
  53  4:48  Supply Depot  
  53  4:51  Supply Depot  
  54  5:09  Widow Mine x2  
  54  5:10  Medivac  
  54  5:14  Medivac  
  62  5:22  SCV  
  62  5:26  Marine x3  
  62  5:27  Supply Depot  
  66  5:34  SCV  
  67  5:43  Marine  
  68  6:05  Widow Mine x2, Marauder  
  74  6:17  Command Center  
  74  6:18  Barracks  
  74  6:19  Barracks x2  
  74  6:27  Supply Depot  
  74  6:39  Combat Shields  
  74  6:40  Marauder, Marine x2  
  74  6:46  Supply Depot  
  74  6:47  Supply Depot  
  78  6:48  Widow Mine x2, SCV  
  83  6:58  Marine x2  
  85  7:08  Marauder  
  77  7:29  Marauder  
  70  7:51  Marauder  
  63  7:57  Widow Mine x2  
  56  7:58  Barracks Tech Lab x2  
  56  7:59  Barracks Tech Lab  
  56  8:00  Orbital Command  
  52  8:10  SCV  
  52  8:12  Marauder  
  55  8:15  Marine  
  55  8:16  Refinery x2, Marine  
  55  8:17  Medivac x2  
  55  8:18  Marauder x3  
  55  8:19  Concussive Shells  
  67  8:22  SCV  
  68  8:33  Marine x2  
  68  8:34  Marauder, SCV  
  72  8:39  Marauder, Marine x2  
  77  8:49  Medivac x2  
  77  8:51  Marine x2  
  77  8:55  Orbital Command, Marauder  
  85  8:57  Marauder x2  
  85  9:00  Marine  
  90  9:09  Marine x2  
  92  9:13  SCV  
  92  9:16  Marauder  
  95  9:18  Marine x2  
  95  9:19  Marauder  
  95  9:20  SCV  
  100  9:25  SCV  
  100  9:27  Marine x2  
  100  9:30  Medivac x2  
  107  9:32  SCV  
  107  9:36  Marine x2  
  107  9:37  SCV  
  107  9:38  Marauder  
  113  9:39  Marine  
  113  9:44  SCV, Marine  
  113  9:45  Marine  
  117  9:50  Engineering Bay  
  117  9:51  Engineering Bay  
  117  10:10  Marine  
  117  10:11  SCV, Marine  
  117  10:14  Marauder  
  117  10:16  Marauder  
  117  10:17  Marauder  
  80  10:31  Liberator x2  
  69  10:37  Orbital Command  
  67  10:43  Terran Infantry Armor Level 1, Terran Infantry Weapons Level 1  
  67  10:47  Marine x2  
  67  10:49  Marauder  
  83  10:50  Marauder x3  
  83  10:56  Barracks  
  83  10:57  Factory Tech Lab  
  83  11:05  Marine  
  83  11:11  Marauder x4  
  88  11:24  Missile Turret  
  88  11:25  Orbital Command  
  88  11:32  Marauder x2, Missile Turret  
  91  11:42  Missile Turret  
  90  11:51  Marine x2  
  90  11:52  Marine  
  90  11:53  Marauder, Marine, Medivac x2  
  90  11:54  Marauder  
  100  12:09  Marine x2  
  100  12:10  Marauder  
  104  12:17  Command Center  
  102  12:26  Missile Turret  
  102  12:32  Marine  
  102  12:44  Missile Turret  
  102  12:50  Armory  
  102  12:53  Marine x6, Supply Depot  
  102  12:54  Marauder, Supply Depot  
  102  12:55  Supply Depot  
  110  13:14  Marine  
  111  13:36  Marauder x4, Marine x2  
  111  13:37  Marine  
  122  13:54  Marine  
  121  13:57  Marauder x2  
  121  13:58  Marauder x2  
  121  13:59  Terran Infantry Weapons Level 2  
  119  14:31  Marine x3  
  119  14:32  Marauder x2, Marine  
  127  14:54  Orbital Command  
  127  14:56  Missile Turret  
  127  14:57  Reaper  
  128  15:04  SCV  
  129  15:09  SCV  
  130  15:16  SCV  
  100  15:28  Marine x3  
  57  15:29  Marauder x2  
  57  15:33  Unknown x6  
  48  15:35  SCV  
  48  15:37  Marine  
  49  15:46  Marauder, Marine x2  
  49  15:48  SCV  
Show
View Real Time Build Order
Export as new Build Order

Musumeci Zerg - Winner!

Build Orders: Hatch First 

Get SALT Encoding   

  12  0:01  Drone  
  13  0:08  Drone  
  13  0:13  Extractor  
  13  0:16  Drone  
  15  0:28  Extractor  
  15  0:44  Hatchery  
  15  0:47  Drone, Extractor  
  15  1:02  Spawning Pool  
  14  1:09  Extractor  
  14  1:10  Drone  
  14  1:15  Drone, Extractor  
  16  1:20  Overlord  
  16  1:38  Drone x2  
  18  1:44  Drone  
  19  1:49  Queen  
  21  2:02  Drone  
  21  2:03  Drone  
  21  2:05  Drone  
  21  2:06  Drone  
  25  2:14  Overlord  
  25  2:17  Drone  
  26  2:25  Queen  
  28  2:32  Queen  
  29  2:41  Drone x4  
  33  2:47  Drone  
  34  2:58  Overlord  
  34  3:00  Overlord  
  34  3:03  Extractor  
  33  3:09  Extractor  
  33  3:10  Roach Warren  
  31  3:16  Queen  
  33  3:30  Drone  
  33  3:31  Drone x5  
  39  3:45  Overlord  
  39  3:56  Hatchery, Roach x3  
  39  4:00  Overlord  
  44  4:04  Roach  
  44  4:05  Roach x2  
  50  4:10  Drone  
  50  4:11  Drone  
  52  4:25  Drone x2  
  52  4:26  Drone x2  
  52  4:27  Roach x2  
  52  4:30  Lair  
  60  4:34  Drone, Extractor  
  60  4:46  Drone, Evolution Chamber  
  60  4:47  Evolution Chamber, Extractor  
  60  4:48  Drone  
  60  4:49  Overlord  
  60  4:51  Overlord  
  59  4:52  Overlord  
  59  5:06  Drone  
  60  5:10  Overlord x2  
  60  5:13  Zerg Ground Armor Level 1, Zerg Missile Weapons Level 1  
  60  5:35  Drone x5  
  65  5:36  Drone  
  66  5:49  Spore Crawler x2  
  64  5:51  Spore Crawler  
  63  6:17  Drone x15, Spore Crawler x2  
  63  6:18  Spore Crawler  
  75  6:46  Drone x5, Extractor  
  79  6:47  Overlord x3  
  79  6:49  Glial Reconstitution  
  79  6:50  Roach x3, Extractor  
  84  6:59  Ravager x8  
  86  7:14  Roach x9  
  84  7:21  Roach x4  
  89  7:29  Roach x3  
  68  7:48  Drone x11  
  75  8:07  Queen  
  75  8:08  Queen  
  75  8:12  Ravager  
  80  8:13  Ravager x2  
  80  8:14  Ravager x2  
  80  8:18  Drone x3  
  80  8:19  Drone  
  89  8:20  Drone x2  
  89  8:26  Drone x2  
  89  8:27  Drone  
  93  8:28  Drone x3  
  96  8:40  Ravager  
  96  8:41  Ravager x2  
  99  8:43  Roach  
  101  9:05  Ravager  
  101  9:06  Drone  
  101  9:08  Roach  
  101  9:09  Roach x4  
  113  9:11  Zerg Missile Weapons Level 2  
  113  9:18  Overlord x5  
  113  9:23  Tunneling Claws  
  113  9:24  Burrow  
  113  9:26  Hatchery  
  113  9:27  Extractor  
  111  9:38  Zerg Ground Armor Level 2  
  111  9:42  Roach x5  
  111  9:45  Drone  
  122  9:46  Drone x3  
  122  9:48  Drone x3  
  122  9:50  Extractor  
  127  9:53  Roach x7  
  121  10:25  Roach x12  
  127  10:50  Roach x2  
  127  10:54  Roach  
  127  11:05  Roach x13  
  127  11:07  Roach x8  
  148  11:27  Roach  
  148  11:30  Roach  
  148  11:31  Roach  
  148  11:34  Drone x2  
  148  11:35  Drone x6  
  152  11:48  Roach x3  
  152  11:49  Roach  
  152  12:00  Infestation Pit  
  145  12:08  Roach x2  
  145  12:09  Roach x5  
  145  12:10  Roach  
  145  12:13  Drone  
  145  12:15  Overlord x7  
  160  12:20  Ravager x5  
  160  12:21  Ravager x3  
  162  12:37  Ravager x15  
  162  12:38  Roach x11  
  162  12:39  Roach x4  
  200  12:44  Roach x4  
  200  12:45  Overseer  
  200  12:47  Overseer  
  200  12:48  Roach x4  
  200  13:03  Hatchery  
  200  13:04  Extractor x2  
  189  13:24  Ravager x3  
  189  13:25  Roach, Ravager x3  
  189  13:26  Roach x2  
  199  13:34  Ravager x3  
  194  13:37  Drone x3  
  194  13:38  Drone x2  
  194  13:39  Drone  
  200  14:02  Roach x7  
  184  14:53  Roach x2  
  184  14:54  Roach x7  
  157  15:24  Roach x4  
  157  15:25  Roach x12  
  166  15:33  Roach  
  160  15:44  Roach  
  160  15:45  Roach x4  
  160  15:46  Roach x3  
  160  15:47  Roach  
  160  15:48  Roach x3  
  160  15:49  Roach x2  
Tags
 
Composition
MMM Bio
Matchup
TvZ
Replay Pack
replay pack
Spawn Locations
Cross Positions
Add a new tag
Caveats
  • Supply blocks, unpowered buildings, or Contaminate may cause inaccurate times.
  • Supply counts are checked every 10 seconds.